 Dungeon Crawl Stone Soup version 0.21.1-1-g345015f (webtiles) character file.

1992 Alphaeus the Ducker (level 9, -5/73 HPs)
             Began as a Gnoll Monk on Feb 5, 2018.
             Was a Believer of Cheibriados.
             Slain by an orc warrior
             ... wielding a +0 battleaxe
              (10 damage)
             ... on level 9 of the Dungeon on Feb 6, 2018.
             The game lasted 00:11:29 (7480 turns).

Alphaeus the Ducker (Gnoll Monk)                    Turns: 7480, Time: 00:11:31

Health: -5/73      AC:  7    Str: 22    XL:     9   Next: 21%
Magic:  14/14      EV: 20    Int: 19    God:    Cheibriados [**....]
Gold:   407        SH:  6    Dex: 24    Spells: 15/15 levels left

rFire    + . .     SeeInvis .   a - +0 falchion
rCold    + . .     Gourm    .   o - +0 buckler
rNeg     . . .     Faith    .   s - +4 scale mail
rPois    +         Spirit   .   (no helmet)
rElec    +         Reflect  .   (no cloak)
rCorr    +         Harm     .   (no gloves)
MR       .....                  (no boots)
Stlth    ++........             (no amulet)
HPRegen  0.22/turn              p - +4 ring of evasion
MPRegen  0.14/turn              (no ring)

@: resistant, corroded, very slow
A: distributed training, fangs 1, blurry vision 1, screaming 2, wild magic 1,
strong nose
a: Bend Time, Renounce Religion


You were on level 9 of the Dungeon.
You worshipped Cheibriados.
Cheibriados was pleased with you.
You were hungry.

You visited 1 branch of the dungeon, and saw 8 of its levels.

You collected 407 gold pieces.

Inventory:

Hand Weapons
 a - a +0 falchion (weapon)
 r - the +1 hunting sling of Collusion {flame, rElec}
   (You found it on level 4 of the Dungeon)

   It causes projectiles fired from it to burn those they strike, causing extra
   injury to most foes and up to half again as much damage against particularly
   susceptible opponents.
   It insulates you from electricity.
Missiles
 t - 156 stones (quivered)
 z - 16 sling bullets
Armour
 b - a +0 robe
 l - a +0 ring mail
 o - a +0 buckler (worn)
 s - a +4 scale mail (worn)
Magical Staves
 g - an uncursed staff of summoning {unknown}
Jewellery
 h - an uncursed ring of protection from magic {unknown}
 p - a +4 ring of evasion (left hand)
 v - an uncursed ring of protection from magic {unknown}
 A - an uncursed amulet of rage {unknown}
Wands
 y - a wand of clouds (4)
Scrolls
 d - 2 scrolls of remove curse
 e - 8 scrolls of identify
 f - 2 scrolls of enchant armour {unknown}
 j - a scroll of magic mapping {unknown}
 k - a scroll of noise {unknown}
 n - a scroll of amnesia {unknown}
 q - 7 scrolls of teleportation {unknown}
 x - a scroll of enchant weapon {unknown}
Potions
 i - a potion of agility {unknown}
 m - 2 potions of brilliance
 u - a potion of resistance
Books
 w - a book of Changes

   Spells                             Type                      Level
   a - Beastly Appendage              Transmutation                1
   b - Sticks to Snakes               Transmutation                2
   c - Spider Form                    Transmutation/Poison         3
   d - Ice Form                       Ice/Transmutation            4
   e - Blade Hands                    Transmutation                5
Comestibles
 c - 6 rations


   Skills:
 + Level 7.7 Fighting
 + Level 3.9 Short Blades
 + Level 7.7 Long Blades
 + Level 3.9 Axes
 + Level 3.9 Maces & Flails
 + Level 3.9 Polearms
 + Level 3.9 Staves
 + Level 3.9 Slings
 + Level 3.9 Bows
 + Level 3.9 Crossbows
 + Level 3.9 Throwing
 + Level 3.9 Armour
 + Level 7.7 Dodging
 + Level 5.8 Stealth
 + Level 3.9 Shields
 + Level 3.9 Unarmed Combat
 + Level 3.9 Spellcasting
 + Level 3.2 Conjurations
 + Level 3.2 Hexes
 + Level 3.2 Charms
 + Level 3.2 Summonings
 + Level 3.2 Necromancy
 + Level 3.2 Translocations
 + Level 3.2 Transmutations
 + Level 3.2 Fire Magic
 + Level 3.2 Ice Magic
 + Level 3.2 Air Magic
 + Level 3.2 Earth Magic
 + Level 3.2 Poison Magic
 + Level 4.3 Invocations
 + Level 3.9 Evocations


You had 15 spell levels left.
You didn't know any spells.

Dungeon Overview and Level Annotations

Branches:
Dungeon (7/15)             Temple (0/1) D:6             Orc (0/2) D:9

Altars:
Cheibriados
Elyvilon
Uskayaw
Wu Jian


Innate Abilities, Weirdness & Mutations

Your experience applies equally to all skills.
You have very sharp teeth.
Your uncanny sense of smell can sniff out nearby items.
Scrolls take you a little longer to read.
You sometimes yell uncontrollably at your foes.
Your spells are a little harder to cast, but a little more powerful.


Message History

The brown ugly thing misses you. You block the orc's attack.
The orc warrior closely misses you.
You slash the brown ugly thing!
The brown ugly thing is moderately wounded.
The orc warrior misses you.
You riposte.
You barely miss the orc warrior.
The orc warrior is moderately wounded.
The brown ugly thing claws you!
* * * LOW HITPOINT WARNING * * *
The acid corrodes you!
You are splashed with acid!
The acid burns!
* * * LOW HITPOINT WARNING * * *
The orc misses you.
You riposte.
You hit the orc. You bite the orc, but do no damage.
The orc is almost dead.
It was a potion of resistance.
You feel protected. The orc barely misses you.
You block the orc warrior's attack.
The brown ugly thing claws you but does no damage.
The orc closely misses you.
The orc warrior hits you with a battleaxe!
You die...

####### # .......
..###### # .......
...⌠.⌠.. . .......
∆C.....# . #...#####
..⌠.⌠C###. ####..u@oo.#
#..(..
....^.ooo..########..(..
...####o.......(........
8 #o................
#.................
...o....................
>....8..####..(.........
.......## #............
......# #............


You could see a brown ugly thing, 2 orc warriors and 5 orcs.

Vanquished Creatures
  A cyclops (D:9)
  Prince Ribbit (D:6)
  A hippogriff (D:7)
  Menkaure (D:5)
  An ice beast (D:6)
  2 phantoms
  An ogre (D:4)
  2 bullfrogs (D:7)
  3 crimson imps
  2 orc priests
  A centaur skeleton (D:5)
  2 orc wizards
  Jessica (D:3)
  2 iguanas
  4 worker ants
  11 adders
  An adder skeleton (D:7)
  6 worms
  2 dart slugs
  7 leopard geckos
  20 orcs
  4 giant cockroaches
  7 goblins
  9 hobgoblins
  9 jackals
  4 quokkas
  A ball python (D:1)
  6 bats
  2 frilled lizards
  A kobold (D:2)
  A quokka skeleton (D:5)
  5 rats
121 creatures vanquished.

Notes
Turn   | Place    | Note
-------+----------+-------------------------------------------
     0 | D:1      | Alphaeus the Gnoll Monk began the quest for the Orb.
     0 | D:1      | Reached XP level 1. HP: 23/23 MP: 1/1
   198 | D:1      | Reached XP level 2. HP: 29/29 MP: 2/2
   652 | D:2      | Reached XP level 3. HP: 34/35 MP: 3/3
  1220 | D:2      | Reached skill level 1 in Invocations
  1240 | D:2      | Reached skill level 1 in Short Blades
  1240 | D:2      | Reached skill level 1 in Axes
  1240 | D:2      | Reached skill level 1 in Maces & Flails
  1240 | D:2      | Reached skill level 1 in Polearms
  1240 | D:2      | Reached skill level 1 in Staves
  1240 | D:2      | Reached skill level 1 in Slings
  1240 | D:2      | Reached skill level 1 in Bows
  1240 | D:2      | Reached skill level 1 in Crossbows
  1240 | D:2      | Reached skill level 1 in Throwing
  1240 | D:2      | Reached skill level 1 in Armour
  1240 | D:2      | Reached skill level 1 in Shields
  1240 | D:2      | Reached skill level 1 in Unarmed Combat
  1240 | D:2      | Reached skill level 1 in Spellcasting
  1240 | D:2      | Reached skill level 1 in Evocations
  1507 | D:2      | Reached XP level 4. HP: 41/41 MP: 5/5
  1905 | D:3      | Noticed Jessica
  1908 | D:3      | Killed Jessica
  1908 | D:3      | Reached skill level 1 in Conjurations
  1908 | D:3      | Reached skill level 1 in Hexes
  1908 | D:3      | Reached skill level 1 in Charms
  1908 | D:3      | Reached skill level 1 in Summonings
  1908 | D:3      | Reached skill level 1 in Necromancy
  1908 | D:3      | Reached skill level 1 in Translocations
  1908 | D:3      | Reached skill level 1 in Transmutations
  1908 | D:3      | Reached skill level 1 in Fire Magic
  1908 | D:3      | Reached skill level 1 in Ice Magic
  1908 | D:3      | Reached skill level 1 in Air Magic
  1908 | D:3      | Reached skill level 1 in Earth Magic
  1908 | D:3      | Reached skill level 1 in Poison Magic
  1947 | D:3      | Reached XP level 5. HP: 34/47 MP: 5/7
  2372 | D:3      | Reached XP level 6. HP: 46/53 MP: 8/8
  3324 | D:4      | Reached XP level 7. HP: 49/59 MP: 10/10
  3348 | D:4      | Got a translucent hunting sling
  3349 | D:4      | Identified the cursed +1 hunting sling of Collusion {flame, rElec} (You found it on level 4 of the Dungeon)
  4106 | D:5      | Entered Level 5 of the Dungeon
  4346 | D:5      | Found a snail-covered altar of Cheibriados.
  4352 | D:5      | Became a worshipper of Cheibriados the Contemplative
  4352 | D:5      | Reached * piety under Cheibriados
  4352 | D:5      | Reached ** piety under Cheibriados
  4483 | D:5      | Noticed Prince Ribbit
  4515 | D:5      | Found a white marble altar of Elyvilon.
  4892 | D:5      | Noticed Menkaure
  4907 | D:5      | Killed Menkaure
  4907 | D:5      | Reached skill level 5 in Stealth
  5402 | D:6      | Gained mutation: You are agile. (Dex +2) [potion of mutation]
  5402 | D:6      | Gained mutation: Scrolls take you a little longer to read. [potion of mutation]
  5402 | D:6      | Gained mutation: You occasionally shout uncontrollably at your foes. [potion of mutation]
  5402 | D:6      | Gained mutation: Your mind is acute. (Int +2) [potion of mutation]
  6008 | D:6      | Lost mutation: You are agile. (Dex +2) [potion of mutation]
  6008 | D:6      | Lost mutation: Your mind is acute. (Int +2) [potion of mutation]
  6008 | D:6      | Gained mutation: You sometimes yell uncontrollably at your foes. [potion of mutation]
  6008 | D:6      | Gained mutation: Your spells are a little harder to cast, but a little more powerful. [potion of mutation]
  6245 | D:6      | Reached XP level 8. HP: 49/67 MP: 12/12
  6308 | D:6      | Found a staircase to the Ecumenical Temple.
  6472 | D:6      | Killed Prince Ribbit
  6656 | D:6      | Found an ornate altar of the Wu Jian Council.
  6659 | D:6      | Found a hide-covered altar of Uskayaw.
  6819 | D:7      | Noticed a hippogriff
  6841 | D:7      | Killed a hippogriff
  7250 | D:7      | You fall through a shaft for 2 floors!
  7315 | D:9      | Noticed a cyclops
  7349 | D:9      | Killed a cyclops
  7349 | D:9      | Reached XP level 9. HP: 22/73 MP: 14/14
  7460 | D:9      | Noticed a brown ugly thing
  7467 | D:9      | Found a staircase to the Orcish Mines.
  7480 | D:9      | Slain by an orc warrior

Skill      XL: |  1  2  3  4  5  6  7  8 |
---------------+-------------------------+-----
Invocations    | 1 2 3 4 |  4.3
Short Blades   | 1 2 3 |  3.9
Axes           | 1 2 3 |  3.9
Maces & Flails | 1 2 3 |  3.9
Polearms       | 1 2 3 |  3.9
Staves         | 1 2 3 |  3.9
Slings         | 1 2 3 |  3.9
Bows           | 1 2 3 |  3.9
Crossbows      | 1 2 3 |  3.9
Throwing       | 1 2 3 |  3.9
Armour         | 1 2 3 |  3.9
Shields        | 1 2 3 |  3.9
Unarmed Combat | 1 2 3 |  3.9
Spellcasting   | 1 2 3 |  3.9
Evocations     | 1 2 3 |  3.9
Conjurations   | 1 2 3 |  3.2
Hexes          | 1 2 3 |  3.2
Charms         | 1 2 3 |  3.2
Summonings     | 1 2 3 |  3.2
Necromancy     | 1 2 3 |  3.2
Translocations | 1 2 3 |  3.2
Transmutations | 1 2 3 |  3.2
Fire Magic     | 1 2 3 |  3.2
Ice Magic      | 1 2 3 |  3.2
Air Magic      | 1 2 3 |  3.2
Earth Magic    | 1 2 3 |  3.2
Poison Magic   | 1 2 3 |  3.2
Fighting       | 7 |  7.7
Long Blades    | 7 |  7.7
Dodging        | 7 |  7.7
Stealth        | 5 |  5.8

Action                   |  1- 3 |  4- 6 |  7- 9 || total
-------------------------+-------+-------+-------++-------
Melee: Falchion          |    94 |   171 |   346 ||   611
       Bite              |    13 |    31 |    79 ||   123
       Punch             |     1 |       |       ||     1
 Fire: Hunting sling     |       |       |     3 ||     3
  Use: Potion            |       |       |     8 ||     8
       Scroll            |       |       |     2 ||     2
 Stab: Sleeping          |     9 |     7 |     2 ||    18
  Eat: Chunk             |     2 |     5 |     5 ||    12
       Ration            |       |       |     1 ||     1
Armor: Robe              |    14 |     3 |       ||    17
       Ring mail         |       |    25 |       ||    25
       Scale mail        |       |    11 |    76 ||    87
Dodge: Dodged            |    92 |   107 |   257 ||   456
Block: Buckler           |       |    21 |   102 ||   123
       Rpst.: Falchion   |    29 |    33 |    79 ||   141
